 Dungeon Crawl Stone Soup version 0.30.1-3-gfc49f6343a (webtiles) character file.

Game seed: 7684057415644697223

16392 cheesebisquit the Fighter (level 12, -7/100 HPs)
             Began as a Djinni Fire Elementalist on July 19, 2023.
             Was a Priest of Makhleb.
             Killed from afar by Azrael (35 damage)
             ... with damnation
             ... on level 12 of the Dungeon.
             The game lasted 00:59:36 (12990 turns).

cheesebisquit the Fighter (DjFE)                   Turns: 12990, Time: 00:59:36

Health: -7/100     AC:  7    Str:  7    XL:     12   Next: 69%
Gold:   356        EV: 12    Int: 35    God:    Makhleb [***...] SH:  5 Dex: 16

rFire   + + +        B - +3 lajatang (speed)
rCold   . . .        (shield currently unavailable)
rNeg    . . .        L - +0 robe {Archmagi}
rPois   ∞            T - +1 helmet {SInv}
rElec   +            C - +0 cloak
rCorr   +            P - +1 pair of gloves {Stlth+}
SInv    +            (boots unavailable)
Will    ++...        d - amulet of reflection
Stlth   +++          G - ring "Izereabb" {Int+6 Dex+2}
HPRegen 0.36/turn    t - ring "Erchag" {Contam +Blink Will+ MP+9 Int+7}
MPRegen 0.00/turn

%: reflection, archmagi, infuse magic (-8 HP)
@: resistant, flying, hasted, very quick
A: sickness immunity, fire resistance 2, cold vulnerability 1, float, innate
caster, HP casting, extra vitality 1
a: Renounce Religion, Evoke Blink, Minor Destruction, Lesser Servant of Makhleb


You were on level 12 of the Dungeon.
You worshipped Makhleb.
Makhleb was most pleased with you.
You visited 2 branches of the dungeon, and saw 13 of its levels.

You collected 736 gold pieces.
You spent 380 gold pieces at shops.

Inventory:

Hand Weapons
 a - a +6 morningstar of flaming
 v - a +2 dagger of venom
 B - a +3 lajatang of speed (weapon)
Missiles
 c - 4 datura-tipped darts
 s - 20 poisoned darts
 y - 2 throwing nets
 D - 10 boomerangs
 N - 4 curare-tipped darts
Armour
 C - a +0 cloak (worn)
 H - a +2 robe of resistance
 K - +2 acid dragon scales
 L - a +0 robe of the Archmagi (worn)
 P - a +1 pair of gloves of stealth (worn)
 Q - +0 steam dragon scales
 S - a +2 robe of willpower
 T - a +1 helmet of see invisible (worn)
Magical Staves
 h - the staff of death "Esoy" {rN+ SInv}
   (You acquired it on level 4 of the Dungeon)

   [staff of death]

   Your inability to study Necromancy prevents you from drawing on the full
   power of this staff in melee.
   Base accuracy: +5 Base damage: 5 Base attack delay: 1.2 This weapon's minimum
   attack delay (0.6) is reached at skill level 12.
   rN:        It protects you from negative energy.
   SInv:      It lets you see invisible.
   It falls into the 'Staves' category.
   It is a one-handed weapon.
Jewellery
 b - a ring of fire
 d - an amulet of reflection (around neck)
 l - the ring "Qohoteso" {rN+ Int+2}
   (You found it on level 2 of the Dungeon)

   [ring of positive energy]

   Int:       It affects your intelligence (+2).
   rN:        It protects you from negative energy.
 t - the ring "Erchag" (right hand) {Contam +Blink Will+ MP+9 Int+7}
   (You found it on level 3 of the Dungeon)

   [ring of willpower]

   Int:       It affects your intelligence (+7).
   MP:        It affects your magic capacity (+9).
   +Blink:    It lets you blink.
   Contam:    It causes magical contamination when unequipped.
   Will:      It increases your willpower.
 A - a +6 ring of strength
 G - the ring "Izereabb" (left hand) {Int+6 Dex+2}
   (You acquired it on level 5 of the Dungeon)

   [ring of intelligence]

   Int:       It affects your intelligence (+6).
   Dex:       It affects your dexterity (+2).
 M - the ring of Hofahav {rF+++ rC+ Will- Int-2 Dex+5}
   (You took it off a gnoll on level 7 of the Dungeon)

   [ring of protection from cold]

   Int:       It affects your intelligence (-2).
   Dex:       It affects your dexterity (+5).
   rF:        It renders you almost immune to fire.
   rC:        It protects you from cold.
   Will:      It decreases your willpower.
 W - a +5 ring of evasion
Wands
 e - a wand of charming (11)
 u - a wand of flame (41)
 X - a wand of quicksilver (6)
Scrolls
 j - a scroll of butterflies
 m - 2 scrolls of brand weapon
 p - 2 scrolls of vulnerability
 q - 2 scrolls of amnesia
 z - a scroll of torment
 E - a scroll of silence
 F - 2 scrolls of magic mapping
 I - 6 scrolls of teleportation
 Y - 2 scrolls of identify
Potions
 f - 4 potions of flight
 g - 3 potions of haste
 k - 2 potions of berserk rage
 n - 6 potions of heal wounds
 o - 3 potions of magic
 r - 5 potions of curing
 w - a potion of brilliance
 x - a potion of lignification
 J - a potion of might
 O - 4 potions of mutation
 U - a potion of ambrosia


   Skills:
 + Level 14.0 Fighting
 - Level 2.1 Dodging
 - Level 1.5 Stealth
 + Level 11.2 Spellcasting


You knew the following spells:

 Your Spells              Type           Power      Damage    Failure   Level
a - Foxfire               Conj/Fire      100%       2x1d9     1%          1
b - Scorch                Fire           100%       2d9       1%          2
c - Volatile Blastmotes   Fire/Tloc      100%       2d18      1%          3
d - Inner Flame           Hex/Fire       99%        N/A       1%          3
e - Flame Wave            Conj/Fire      99%        2d21      1%          4
f - Sandblast             Erth           100%       2d20      1%          1
g - Blink                 Tloc           100%       N/A       1%          2
h - Call Canine Familiar  Summ           99%        N/A       1%          3
i - Mephitic Cloud        Conj/Pois/Air  99%        N/A       1%          3
j - Airstrike             Air            49%        2d(8-24)  1%          4
Your spell library was empty.

Dungeon Overview and Level Annotations

Branches:
Dungeon (12/15)            Temple (1/1) D:7            Lair (0/5) D:10
    Orc: D:9-12

Altars:
Ashenzari
Cheibriados
Dithmenos
Elyvilon
Fedhas
Gozag
Hepliaklqana
Makhleb
Nemelex Xobeh
Okawaru
Qazlal
Ru
Trog
Uskayaw
Wu Jian
Xom
Yredelemnul
Zin
The Shining One

Shops:
D:1 ?[[((

Annotations:
D:12 Azrael


Innate Abilities, Weirdness & Mutations

You are immune to sickness and miasma.
You are immune to poison.
Your flesh is very heat resistant. (rF++)
You are vulnerable to cold. (rC-)
You float through the air rather than walking.
You learn spells naturally, not from books.
Your magical power is your life essence.
You have superior vitality. (+4 MHP)


Message History

Aim: a fire elemental (ally target, empty space bonus: 3/8)
You feel a surge of power!
The air twists around and strikes the fire elemental!
The fire elemental is moderately damaged.
Your warg closely misses the fire elemental.
The fire elemental hits you. The fire elemental burns you! You resist.
Casting: Airstrike (safe; 1% risk of failure)
Confirm with . or Enter, or press ? or * to list all spells.
Aiming: Airstrike (safe; 1% risk of failure)
Press: ? - help, Dir - move target, f/p - fire elemental
Aim: a fire elemental (moderately damaged, ally target, empty space bonus: 3/8)
You feel a surge of power!
The air twists around and strikes the fire elemental.
The fire elemental is heavily damaged.
Your warg bites the fire elemental!
Casting: Airstrike (safe; 1% risk of failure)
Confirm with . or Enter, or press ? or * to list all spells.
Aiming: Airstrike (safe; 1% risk of failure)
Press: ? - help, Dir - move target, f/p - fire elemental
Aim: a fire elemental (severely damaged, not watching you, ally target, empty space bonus: 2/8)
You feel a surge of power!
The air twists around and strikes the fire elemental!
You destroy the fire elemental!
Makhleb accepts your kill.
You feel better.
Your Fighting skill increases to level 14!
Casting: Airstrike (safe; 1% risk of failure)
Confirm with . or Enter, or press ? or * to list all spells.
Aiming: Airstrike (safe; 1% risk of failure)
Press: ? - help, Dir - move target, f - Azrael
Aim: Azrael, wielding a +4 scimitar of flaming (ally target, empty space bonus: 4/8)
You feel a surge of power!
The air twists around and strikes Azrael!
Azrael is lightly wounded.
* * * LOW HITPOINT WARNING * * *
Azrael gestures at you.
The sphere of damnation explodes!
The damnation engulfs your warg!!
The damnation engulfs Azrael.
Azrael completely resists.
The damnation engulfs you!!
You die...

...)......°.°...○☼##.#...#.#
#..
.............☼○#.....#.#.#.#
#..
....:.........○......#.#.#.#
#..
################.°####.#...#
### #....# #..# #.#####
#....# #..## #.## #....#
#R..# #..# # #....# #h..#
#..# # #@..###..#########
#.####............ ###
#.########### #.# ... #.# #.
#.# #. #.# #. #.# #. #.#
####.


You could see Azrael (ally target) and a friendly warg (summoned).

Vanquished Creatures
  Erica (D:10)
  Amaemon (D:10)
  A manticore (D:11)
  2 cyclopes (D:11)
  An orange demon (D:10)
  Maggie (D:7)
  2 kobold demonologists
  A komodo dragon (D:9)
  Psyche (D:9)
  2 rime drakes (D:11)
  4 trolls
  Prince Ribbit (D:6)
  5 slime creatures (D:12)
  20 yaks
  2 wyverns (D:10)
  3 shadows
  3 fire elementals (D:12)
  A wraith (D:10)
  2 steam dragons
  3 vampire mosquitoes (D:11)
  Menkaure (D:5)
  2 wargs (D:10)
  An acid dragon (D:11)
  2 hell hounds (D:12)
  A sky beast (D:5)
  3 black bears
  2 orc warriors
  8 centaurs
  5 kobold brigands
  3 bullfrogs
  2 gnoll sergeants
  8 wights
  9 killer bees
  3 howler monkeys (D:9)
  2 hounds
  A jelly (D:7)
  Crazy Yiuf (D:7)
  3 orc priests
  Ijyb (D:3)
  10 orc wizards
  A sleepcap (D:4)
  15 gnolls
  10 adders
  A white imp (D:6)
  A worm (D:3)
  6 dart slugs
  25 orcs
  5 endoplasms
  5 giant cockroaches
  8 goblins
  6 hobgoblins
  2 jackals (D:1)
  5 quokkas
  8 ball pythons
  9 bats
  9 frilled lizards
  23 kobolds
  3 rats
267 creatures vanquished.

Vanquished Creatures (collateral kills)
  Grinder (D:5)
  Sigmund (D:6)
  A hell hound (D:12)
  An ice beast (D:6)
  An ogre (D:4)
  A kobold brigand (D:7)
  2 scorpions
  A wight (D:7)
  3 hounds
  2 iguanas (D:6)
  2 sleepcaps
  An orc wizard (D:4)
  2 gnolls
  2 adders (D:5)
  A dart slug (D:5)
  2 orcs
  An endoplasm (D:4)
  3 kobolds (D:7)
28 creatures vanquished.

Vanquished Creatures (others)
  A gnoll (D:7)
  565 foxfires
566 creatures vanquished.

Grand Total: 861 creatures vanquished

Notes
Turn   | Place    | Note
-------+----------+-------------------------------------------
     0 | D:1      | cheesebisquit the Djinni Fire Elementalist began the quest
                  | for the Orb.
     0 | D:1      | cheesebisquit set off with the following spells memorised:
                  | Foxfire, Scorch, Volatile Blastmotes, Inner Flame, Flame
                  | Wave.
     0 | D:1      | Reached XP level 1. HP: 15/15 MP: 0/0
     3 | D:1      | Found Felleriq's Antique Armour Shop.
    95 | D:1      | Found Meicexot's Armour Emporium.
   106 | D:1      | Reached skill level 1 in Fighting
   106 | D:1      | Reached XP level 2. HP: 21/22 MP: 0/0
   144 | D:1      | Found Weasinask's Antique Weapon Shoppe.
   202 | D:1      | Found Jenoat's Weapon Boutique.
   321 | D:1      | Reached XP level 3. HP: 26/27 MP: 0/0
   321 | D:1      | Learned a level 1 spell: Sandblast
   547 | D:1      | Found Aruwoppa's Magic Scroll Shop.
   555 | D:1      | Bought a scroll of identify for 26 gold pieces
   555 | D:1      | Bought a scroll of identify for 26 gold pieces
   614 | D:2      | Reached skill level 2 in Fighting
   640 | D:2      | Identified the ring "Qohoteso" {rN+ Int+2}
   683 | D:2      | Reached XP level 4. HP: 33/33 MP: 0/0
  1628 | D:1      | Bought a scroll of noise for 13 gold pieces
  1693 | D:3      | Reached XP level 5. HP: 39/40 MP: 0/0
  1693 | D:3      | Learned a level 2 spell: Blink
  1793 | D:3      | Reached skill level 3 in Fighting
  1881 | D:3      | Identified the ring "Erchag" {Contam +Blink Will+ MP+9
                  | Int+7}
  1884 | D:3      | Noticed Ijyb
  1892 | D:3      | Killed Ijyb
  2327 | D:4      | Reached XP level 6. HP: 42/46 MP: 0/0
  2461 | D:4      | Identified 2 scrolls of acquirement
  2461 | D:4      | Acquired a +3 lajatang of speed
  2464 | D:4      | Acquired the staff of death "Esoy" {rN+ SInv}
  2529 | D:4      | Reached skill level 4 in Fighting
  2578 | D:4      | Noticed a black bear
  2582 | D:4      | Killed a black bear
  2585 | D:4      | Reached XP level 7. HP: 45/53 MP: 0/0
  2585 | D:4      | Learned a level 3 spell: Call Canine Familiar
  2679 | D:4      | Reached skill level 5 in Fighting
  2981 | D:5      | Entered Level 5 of the Dungeon
  3029 | D:5      | Reached skill level 5 in Spellcasting
  3032 | D:5      | Reached XP level 8. HP: 43/61 MP: 0/0
  3123 | D:5      | Noticed Grinder
  3160 | D:5      | Killed Grinder
  3161 | D:5      | Reached skill level 6 in Fighting
  3520 | D:5      | Noticed Menkaure
  3527 | D:5      | Killed Menkaure
  3647 | D:5      | Acquired the ring "Izereabb" {Int+6 Dex+2}
  3787 | D:1      | Bought a glowing robe for 111 gold pieces
  4119 | D:5      | Reached skill level 7 in Fighting
  4464 | D:1      | Bought a scroll of teleportation for 39 gold pieces
  4576 | D:6      | Reached XP level 9. HP: 58/68 MP: 0/0
  4576 | D:6      | Learned a level 3 spell: Mephitic Cloud
  4853 | D:6      | Reached skill level 8 in Fighting
  4983 | D:6      | Noticed Prince Ribbit
  4988 | D:6      | Killed Prince Ribbit
  5035 | D:6      | Noticed Sigmund
  5038 | D:6      | Killed Sigmund
  5150 | D:6      | Found a sparkling altar of Nemelex Xobeh.
  5371 | D:6      | Found a burning altar of Makhleb.
  5601 | D:7      | Found a runed translucent door.
  5602 | D:7      | Noticed Crazy Yiuf
  5632 | D:7      | Found a staircase to the Ecumenical Temple.
  5639 | Temple   | Entered the Ecumenical Temple
  5799 | D:6      | Became a worshipper of Makhleb the Destroyer
  5973 | D:7      | Reached skill level 9 in Fighting
  5974 | D:7      | Noticed Maggie
  5985 | D:7      | Reached XP level 10. HP: 53/78 MP: 0/0
  5987 | D:7      | Killed Maggie
  6225 | D:7      | Identified the ring of Hofahav {rF+++ rC+ Will- Int-2
                  | Dex+5}
  6405 | D:7      | Reached skill level 10 in Fighting
  6408 | D:7      | Reached * piety under Makhleb
  6935 | D:7      | Killed Crazy Yiuf
  7128 | D:8      | Found a glowing silver altar of Zin.
  8100 | D:9      | Noticed Psyche
  8106 | D:9      | Killed Psyche
  8918 | D:9      | Noticed a komodo dragon
  8924 | D:9      | Killed a komodo dragon
  8981 | D:10     | Entered Level 10 of the Dungeon
  8986 | D:10     | Reached skill level 11 in Fighting
  8989 | D:10     | Reached XP level 11. HP: 66/87 MP: 0/0
  8989 | D:10     | Learned a level 4 spell: Airstrike
  9035 | D:10     | Noticed Amaemon
  9067 | D:9      | Reached ** piety under Makhleb
  9118 | D:10     | Noticed Erica
  9309 | D:10     | Killed Amaemon
  9345 | D:10     | Reached skill level 12 in Fighting
  9524 | D:10     | Found a staircase to the Lair.
  9573 | D:10     | Killed Erica
  9719 | D:10     | Reached skill level 10 in Spellcasting
  9744 | D:10     | Found a hazy altar of Hepliaklqana.
 10265 | D:1      | Bought a +1 helmet of see invisible for 165 gold pieces
 10569 | D:10     | Identified the +0 leather armour of Perpetual Drought
                  | {Drain Str+6 Dex+2}
 10604 | D:10     | Found a blossoming altar of Fedhas.
 10729 | D:10     | Reached XP level 12. HP: 96/96 MP: 0/0
 11196 | D:11     | Reached skill level 13 in Fighting
 12098 | D:11     | Reached *** piety under Makhleb
 12882 | D:12     | Noticed Azrael
 12990 | D:12     | Reached skill level 14 in Fighting
 12990 | D:12     | Killed from afar by Azrael

Illustrated notes

Levels and vault maps discovered:
D:1:      dpeg_arrival_orchard, layout_basic, serial_shops,
          nicolae_shop_tiny_glass, shop_fountains, nicolae_shop_peninsula, shop,
          shop, minmay_lizard_king
D:2:      layout_basic, kennysheep_generic_room_16
D:3:      layout_basic, uniq_ijyb
D:4:      layout_gridville
D:5:      kennysheep_slugbush, layout_loops_ring, grunt_ministairs_13,
          uniq_menkaure, uniq_grinder
D:6:      layout_cave_pools, kennysheep_mini_moat,
          mainiacjoe_overflow_surrounded_room, makhleb_blood_cavern_becter,
          chequers_serial_rivers_micro_d, uniq_prince_ribbit1, uniq_sigmund
D:7:      layout_gridville, minmay_temple_entry_wispy, uniq_maggie,
          uniq_crazy_yiuf_cottage
D:8:      layout_gridville, zin_statuary
D:9:      layout_stronghold, uniq_psyche
D:10:     layout_long_grid, mainiacjoe_overflow_catwalk,
          nicolae_overflow_hidden_temple, erik_lair_orcish_takeover,
          minivault_11, uniq_amaemon, uniq_erica
D:11:     layout_roguey, portal_ice_cave_rime
D:12:     layout_loops_ring, orc_0_dummy, serial_co_window_serial,
          co_window_cross_1, co_window_paths_a, co_window_of_opportunity_a,
          co_window_of_opportunity_a, co_window_of_opportunity_a,
          co_window_corner_ca, co_window_unsneaky_path_d, co_window_broadway_a,
          co_window_broadway_b, co_window_of_opportunity_c, co_window_cross_4,
          co_window_unsneaky_path_c, glass_columns_b, glass_columns_b,
          uniq_azrael
Temple:   nicolae_temple_superstar

Skill      XL: |  1  2  3  4  5  6  7  8  9 10 11 12 |
---------------+-------------------------------------+-----
Fighting       | 1 2 3 4 5 7 9 11 12 14 | 14.0
Spellcasting   | 3 4 5 6 7 9 10 11 | 11.2
Dodging        | |  2.1
Stealth        | |  1.5

Action                     |  1- 3 |  4- 6 |  7- 9 | 10-12 || total
---------------------------+-------+-------+-------+-------++-------
  Melee: Unarmed           |     1 |       |       |       ||     1
         Lajatang          |       |       |     7 |    15 ||    22
   Cast: Foxfire           |    42 |    69 |    86 |   122 ||   319
         Scorch            |     4 |    29 |    35 |   100 ||   168
         Call Canine Famil |       |       |    25 |     6 ||    31
         Inner Flame       |       |       |    10 |   105 ||   115
         Mephitic Cloud    |       |       |     2 |    12 ||    14
         Flame Wave        |       |       |       |     2 ||     2
         Airstrike         |       |       |       |    12 ||    12
         Volatile Blastmot |       |       |       |     4 ||     4
    Use: Scroll            |     3 |     5 |    11 |    16 ||    35
         Potion            |       |       |       |     6 ||     6
 Armour: Robe              |       |       |     5 |    20 ||    25
  Dodge: Dodged            |       |     4 |    14 |    49 ||    67
  Block: Other             |     1 |     4 |     7 |    17 ||    29
         Reflection        |       |     1 |     1 |     2 ||     4
